 Dungeon Crawl Stone Soup version 0.23-a0-456-gc514d67198 (webtiles) character file.

168411 Iloish the Geomancer (level 17, -20/106 HPs)
             Began as a Gargoyle Earth Elementalist on Nov 25, 2018.
             Was the Champion of Vehumet.
             Demolished by an enormous slime creature (62 damage)
             ... on level 1 of the Depths.
             The game lasted 01:49:22 (35362 turns).

Iloish the Geomancer (Gargoyle Earth Elementalist) Turns: 35362, Time: 01:49:22

Health: -20/106    AC: 27    Str: 14    XL:     17   Next: 94%
Magic:  17/42      EV: 15    Int: 44    God:    Vehumet [******]
Gold:   2247       SH:  0    Dex: 10    Spells: 3/41 levels left

rFire    + . .     SeeInvis +   v - +8 dire flail "Eviscerator" {crush, rF+ MP+9}
rCold    . . .     Gourm    +   (shield currently unavailable)
rNeg     + . .     Faith    .   L - +2 robe of Beyond {Int+8}
rPois    ∞         Spirit   .   x - +2 hat {SInv}
rElec    +         Reflect  .   N - scarf {cloud immunity}
rCorr    .         Harm     .   g - +3 pair of gloves of Rat Rirr {Int+3}
MR       +....                  w - +2 pair of boots
Stlth    ++........             u - amulet of the gourmand
HPRegen  0.27/turn              f - +6 ring of intelligence
MPRegen  0.28/turn              t - +6 ring of intelligence

@: flying, studying Armour
A: big wings, negative energy resistance 1, electricity resistance, unbreathing,
petrification resistance, rot immunity, AC +12
a: Stop Flying, Renounce Religion


You were on level 1 of the Depths.
You worshipped Vehumet.
Vehumet was exalted by your worship.
You were very full.

You visited 6 branches of the dungeon, and saw 26 of its levels.
You also visited: Ice Cave and Volcano.

You collected 2815 gold pieces.
You spent 568 gold pieces at shops.

Inventory:

Hand Weapons
 v - the +8 dire flail "Eviscerator" (weapon) {crush, rF+ MP+9}
   (You acquired it on level 5 of the Lair of Beasts)

   It inflicts extra damage upon your enemies.
   It protects you from fire.
   It affects your magic capacity (+9).
 J - a +3 dire flail of freezing
Missiles
 s - 3 throwing nets
 I - 77 stones (quivered)
Armour
 g - the +3 pair of gloves of Rat Rirr (worn) {Int+3}
   (You found it on level 8 of the Dungeon)

   It affects your intelligence (+3).
 j - a +1 shield of poison resistance
 w - a +2 pair of boots (worn)
 x - a +2 hat of see invisible (worn)
 L - the +2 robe of Beyond (worn) {Int+8}
   (You bought it in a shop on level 10 of the Dungeon)

   It affects your intelligence (+8).
 N - a scarf of cloud immunity (worn)
Jewellery
 b - an uncursed ring of stealth {unknown}
 f - a +6 ring of intelligence (left hand)
 t - a +6 ring of intelligence (right hand)
 u - an amulet of the gourmand (around neck)
Wands
 m - a wand of enslavement (9)
 q - a wand of paralysis (27)
 F - a wand of digging (6)
 G - a wand of flame (76)
Scrolls
 a - 2 scrolls of magic mapping
 i - 5 scrolls of enchant weapon
 l - 8 scrolls of immolation
 n - 10 scrolls of remove curse
 o - 3 scrolls of teleportation
 y - 9 scrolls of amnesia
 D - a scroll of fear
Potions
 c - 2 potions of resistance
 e - 2 potions of curing
 h - 3 potions of heal wounds
 k - 3 potions of agility
 r - 2 potions of might
 z - a potion of magic
 A - a potion of haste
 B - 5 potions of brilliance
 C - a potion of cancellation
 E - a potion of invisibility
 H - 3 potions of lignification
 K - a potion of berserk rage {unknown}
Books
 M - a manual of Armour
Comestibles
 d - 27 rations


   Skills:
 + Level 12.0 Fighting
 + Level 9.4 Maces & Flails
 + Level 11.6 Armour
 + Level 8.0 Dodging
 - Level 2.1 Stealth
 + Level 10.3 Shields
 + Level 12.7 Spellcasting
 + Level 11.3 Conjurations
 - Level 0.7 Transmutations
 + Level 8.9 Fire Magic
 + Level 12.9 Earth Magic
 - Level 6.0 Evocations


You had 3 spell levels left.
You knew the following spells:

 Your Spells              Type           Power        Failure   Level  Hunger
a - Sandblast             Erth           ######       0%          1    None
b - Stone Arrow           Conj/Erth      ######       0%          3    None
c - Lee's Rapid Deconstr  Erth           #######...   1%          5    None
d - Blink                 Tloc           N/A          1%          2    None
e - Fireball              Conj/Fire      #######...   1%          5    None
f - Bolt of Magma         Conj/Fire/Erth #######...   1%          5    None
g - Iron Shot             Conj/Erth      #######...   1%          6    None
h - Irradiate             Conj/Tmut      ######....   1%          5    None
i - Bolt of Fire          Conj/Fire      #######...   1%          6    None

Your spell library contained the following spells:

 Spells                   Type           Power        Failure   Level  Hunger
 Bolt of Cold             Conj/Ice       ######....   4%          6    None
 Flame Tongue             Conj/Fire      #####        0%          1    None
 Magic Dart               Conj           ####         0%          1    None
 Corona                   Hex            ####...      1%          1    None
 Call Imp                 Summ           ####....     1%          2    None
 Ensorcelled Hibernation  Hex/Ice        ####..       1%          2    None
 Passwall                 Tmut/Erth      ######..     1%          2    None
 Slow                     Hex            ####....     1%          2    None
 Throw Flame              Conj/Fire      ######       1%          2    None
 Conjure Flame            Conj/Fire      #######.     1%          3    None
 Dazzling Spray           Conj/Hex       ######       1%          3    None
 Inner Flame              Hex/Fire       ######..     1%          3    None
 Mephitic Cloud           Conj/Pois/Air  ######..     1%          3    None
 Confuse                  Hex            ####....     3%          3    None
 Tukima's Dance           Hex            ####....     3%          3    None
 Leda's Liquefaction      Hex/Erth       ######....   1%          4    None
 Petrify                  Tmut/Erth      ######..     1%          4    None
 Sticky Flame             Conj/Fire      #######.     1%          4    None
 Cause Fear               Hex            ####......   10%         4    None
 Hydra Form               Tmut           ####......   75%         6    None
 Shatter                  Erth           #######...   75%         9    #######
 Dragon Form              Tmut           ####......   100%        7    ####...
 Dragon's Call            Summ           ####......   100%        9    #######
 Statue Form              Tmut/Erth      Unusable     N/A         6    N/A

Dungeon Overview and Level Annotations

Branches:
Dungeon (15/15)            Temple (1/1) D:5            Lair (6/6) D:8
  Swamp (0/4) Lair:2       Spider (0/4) Lair:3        Slime (0/5) Lair:6
    Orc (2/2) D:10            Elf (1/3) Orc:2        Vaults (0/5) D:13
 Depths (1/5) D:15

Altars:
Ashenzari
Cheibriados
Dithmenos
Elyvilon
Fedhas
Gozag
Hepliaklqana
Kikubaaqudgha
Makhleb
Nemelex Xobeh
Okawaru
Qazlal
Ru
Sif Muna
Trog
Uskayaw
Vehumet
Wu Jian
Xom
Yredelemnul
Zin
The Shining One
Beogh

Shops:
D:8 :   D:10 [[}   D:15 (   Orc:2 ::*}[

Portals:
Hell: Depths:1
Trove: D:15 (give +7 demon whip)

Annotations:
D:11 2 transporters, D1HalberdGnoll's ghost, journeyman GnAs
D:14 Louise
Lair:6 1 runed door, SpeedVeins's ghost, journeyman DDFi


Innate Abilities, Weirdness & Mutations

You are resistant to torment.
Your stone body is resilient. (AC +12)
You are immune to poison.
Your large and strong wings let you fly indefinitely.
You resist negative energy. (rN+)
You are resistant to electric shocks. (rElec)
You can survive without breathing.
You are immune to petrification.
You are immune to rotting.


Message History

Casting: Bolt of Fire (safe; 1% risk of failure)
Confirm with . or Enter, or press ? or * to list all spells.
Aiming: Iron Shot (safe; 1% risk of failure)
Press: ? - help, Shift-Dir - straight line, f - enormous slime creature
Aim: an enormous slime creature (severely wounded, inner flame)
The iron shot hits the enormous slime creature.
The enormous slime creature is almost dead.
Two slime creatures merge to form a large slime creature.
Okay, then.
Unknown command.
Casting: Iron Shot (safe; 1% risk of failure)
Confirm with . or Enter, or press ? or * to list all spells.
Aiming: Iron Shot (safe; 1% risk of failure)
Press: ? - help, Shift-Dir - straight line, f/p - enormous slime creature
Aim: an enormous slime creature (almost dead, inner flame)
The iron shot hits the enormous slime creature.
The enormous slime creature is almost dead.
The enormous slime creature hits you!!!
Ouch! That really hurt!
You die...

≈≈≈≈...###..###
≈≈≈≈...'......##
≈≈≈≈...##......##
≈≈≈≈...#####....##
≈≈≈....# ##....##
≈≈.....# ##....##
##.....# ##....#
####... #...##
..### ##@## ...
#J# .... #T# .....
#.# ...(.. #c# #.#
#.# #J# #.#


You could see an enormous slime creature (inner flame), a large slime creature,
a deep troll shaman (inner flame) and a yaktaur shaped shifter.

Vanquished Creatures
  A lich (Depths:1)
  Gastronok (D:9)
  Kirke (D:15)
  Roxanne (D:14)
  A fire giant (Depths:1)
  A frost giant (Depths:1)
  A reaper (IceCv)
  2 stone giants (Depths:1)
  Nessos (D:14)
  2 ettins (Depths:1)
  Josephine (Lair:4)
  2 great orbs of eyes (Depths:1)
  A rakshasa (Depths:1)
  4 vault guards (D:13)
  6 hydras
  Harold (Lair:2)
  2 catoblepae
  5 centaur warriors
  13 two-headed ogres
  3 ogre magi
  8 death yaks
  3 dancing weapons (Elf:1)
  Urug (Lair:5)
  A deep troll earth mage (Depths:1)
  A deep troll shaman (Lair:6)
  2 tengu warriors
  A deep elf knight (Elf:1)
  A fire crab (shapeshifter) (D:8)
  8 skeletal warriors
  3 deep trolls
  9 unseen horrors
  3 anaconda skeletons (Volcano)
  A lindwurm (Lair:6)
  Pikel (D:9)
  A wolf spider zombie (D:15)
  2 orc knights
  A wizard (D:9)
  A necromancer (D:15)
  4 orc sorcerers
  7 ugly things
  A manticore (D:14)
  2 oklob plants
  6 cyclopes
  8 deep elf magi
  A centaur zombie (D:14)
  2 ice statues (IceCv)
  5 gargoyles (Volcano)
  14 elephants
  2 torpor snails
  5 spectral swamp worms (Depths:1)
  2 black mambas (Lair:5)
  A rime drake (Lair:5)
  5 spiny frogs
  3 komodo dragons
  A freezing wraith (D:13)
  8 ice devils (IceCv)
  2 tengu conjurers
  16 trolls
  A hornet (D:9)
  2 polar bears
  A harpy skeleton (Volcano)
  2 bog bodies (Lair:2)
  17 blink frogs
  12 dream sheep (Lair:6)
  3 slime creatures (D:14)
  13 hippogriffs
  3 flying skulls (Volcano)
  A meliai zombie (D:15)
  An air elemental (Elf:1)
  2 shadows
  A spriggan (D:7)
  42 yaks
  3 wyverns
  A centaur simulacrum (D:15)
  2 humans (D:8)
  6 wraiths
  5 hogs (D:15)
  2 hungry ghosts (D:13)
  A basilisk (shapeshifter) (D:15)
  A basilisk (D:13)
  2 fire elementals (Lair:2)
  2 steam dragons
  A warg (Orc:1)
  2 acid dragons
  2 soldier ants
  11 water moccasins
  Duvessa (D:5)
  6 porcupines
  5 sky beasts
  24 orc warriors
  2 eyes of draining
  34 ogres
  A black bear (Lair:6)
  4 ice beasts
  2 slaves (D:9)
  A necrophage (D:8)
  3 phantoms
  3 boggarts (Depths:1)
  8 wolves (Lair:6)
  13 crocodiles
  5 centaurs
  5 big kobolds
  24 bullfrogs
  An earth elemental (Elf:1)
  2 wyvern zombies
  6 scorpions
  Dowan (D:5)
  11 killer bees
  2 troll skeletons (Volcano)
  4 spriggan skeletons (Volcano)
  22 wights
  An electric eel (Lair:4)
  4 howler monkeys
  13 crimson imps
  2 bullfrog zombies
  A wyvern simulacrum (D:14)
  21 jellies
  5 centaur skeletons
  2 bullfrog skeletons
  A gnoll shaman (D:7)
  19 orc priests
  5 hounds
  An iron imp (D:8)
  8 iguanas
  Ijyb (D:3)
  22 orc wizards
  6 hell rats (Lair:4)
  Natasha (thrice) (D:2)
  16 worker ants
  A naga skeleton (Volcano)
  3 hound zombies
  A hound skeleton (D:7)
  A worker ant zombie (D:6)
  9 gnolls
  15 adders
  7 shadow imps
  11 white imps (IceCv)
  3 ufetubi (IceCv)
  3 oozes
  3 dart slugs
  6 leopard geckos
  97 orcs
  5 ball pythons
  7 bats
  3 giant cockroaches
  5 goblins
  7 hobgoblins
  7 jackals
  5 quokkas
  4 frilled lizards
  17 kobolds
  A leopard gecko zombie (D:7)
  13 rats
  4 plants
894 creatures vanquished.

Vanquished Creatures (collateral kills)
  A polar bear (Lair:6)
1 creature vanquished.

Vanquished Creatures (others)
  A shadow imp (D:9)
  3 white imps (IceCv)
  3 ufetubi (IceCv)
  3 bushes (D:14)
  19 fungi
  24 plants
53 creatures vanquished.

Grand Total: 948 creatures vanquished

Notes
Turn   | Place    | Note
-------+----------+-------------------------------------------
     0 | D:1      | Iloish the Gargoyle Earth Elementalist began the quest for
                  | the Orb.
     0 | D:1      | Reached XP level 1. HP: 10/10 MP: 3/3
    48 | D:1      | Reached XP level 2. HP: 15/15 MP: 1/5
   448 | D:1      | Reached XP level 3. HP: 15/19 MP: 6/6
   453 | D:1      | Learned a level 3 spell: Stone Arrow
  1432 | D:2      | Found a hide-covered altar of Uskayaw.
  1499 | D:2      | Noticed Natasha
  1502 | D:2      | Killed Natasha
  1502 | D:2      | Reached skill level 1 in Conjurations
  1502 | D:2      | Reached XP level 4. HP: 24/24 MP: 6/8
  1586 | D:2      | Noticed Natasha
  1590 | D:2      | Killed Natasha
  1635 | D:2      | Found a white marble altar of Elyvilon.
  1756 | D:2      | Noticed Natasha
  1761 | D:2      | Killed Natasha
  1761 | D:2      | Reached skill level 5 in Earth Magic
  1761 | D:2      | Reached XP level 5. HP: 25/28 MP: 5/9
  1770 | D:2      | Learned a level 5 spell: Lee's Rapid Deconstruction
  2423 | D:3      | Found a hazy altar of Hepliaklqana.
  2819 | D:3      | Noticed Ijyb
  2845 | D:3      | Paralysed by Ijyb for 2 turns
  2848 | D:3      | Killed Ijyb
  2848 | D:3      | Reached XP level 6. HP: 32/32 MP: 3/11
  3109 | D:4      | Got a pitted hunting sling
  3110 | D:4      | Identified the +10 hunting sling "Jesa" {freeze, rPois rC+}
                  | (You found it on level 4 of the Dungeon)
  3371 | D:4      | Reached XP level 7. HP: 36/36 MP: 7/13
  3523 | D:4      | Found a sparkling altar of Nemelex Xobeh.
  3750 | D:5      | Entered Level 5 of the Dungeon
  3980 | D:5      | Found an opulent altar of Gozag.
  4397 | D:5      | Reached skill level 5 in Spellcasting
  4494 | D:5      | Found a sacrificial altar of Ru.
  4646 | D:5      | Noticed Duvessa
  4651 | D:5      | Noticed Dowan
  4652 | D:5      | Killed Dowan
  4652 | D:5      | Reached XP level 8. HP: 41/41 MP: 9/15
  4656 | D:5      | Killed Duvessa
  4656 | D:5      | Reached skill level 5 in Conjurations
  4846 | D:5      | Found a staircase to the Ecumenical Temple.
  4895 | Temple   | Entered the Ecumenical Temple
  4999 | Temple   | Became a worshipper of Vehumet
  5651 | D:6      | Reached skill level 1 in Shields
  5652 | D:6      | Reached skill level 1 in Maces & Flails
  5786 | D:6      | Reached skill level 1 in Fighting
  5786 | D:6      | Reached skill level 1 in Armour
  5943 | D:6      | Reached skill level 1 in Evocations
  6918 | D:7      | Reached XP level 9. HP: 47/48 MP: 7/17
  6921 | D:7      | Reached * piety under Vehumet
  6921 | D:7      | Offered knowledge of Freeze by Vehumet.
  7135 | D:7      | Got a wizard robe
  7146 | D:7      | Identified the +2 robe "Keisk" {Int+3 Dex+4} (You found it
                  | on level 7 of the Dungeon)
  7472 | D:7      | Learned a level 2 spell: Blink
  8038 | D:7      | Reached ** piety under Vehumet
  8146 | D:7      | Learned a level 5 spell: Fireball
  8248 | D:8      | Found Urrauc's Book Shoppe.
  8248 | D:8      | Noticed a two-headed ogre
  8255 | D:8      | Offered knowledge of Shock by Vehumet.
  8259 | D:8      | Found an iron altar of Okawaru.
  8268 | D:8      | Found a snail-covered altar of Cheibriados.
  8534 | D:8      | Reached skill level 1 in Fire Magic
  8548 | D:8      | Reached XP level 10. HP: 50/56 MP: 12/19
  8696 | D:8      | Killed a two-headed ogre
  9291 | D:8      | Found a staircase to the Lair.
  9300 | D:8      | Offered knowledge of Ignite Poison by Vehumet.
  9616 | D:8      | Found a glowing silver altar of Zin.
  9617 | D:8      | Noticed a fire crab
  9626 | D:8      | Killed a fire crab
  9765 | D:8      | Reached *** piety under Vehumet
  9801 | D:8      | Noticed a skeletal warrior
  9804 | D:8      | Noticed a centaur warrior
  9818 | D:8      | Killed a skeletal warrior
  9818 | D:8      | Reached XP level 11. HP: 48/62 MP: 0/20
  9821 | D:8      | Killed a centaur warrior
  9821 | D:8      | Reached skill level 5 in Shields
  9907 | D:8      | Noticed a white ugly thing
  9927 | D:8      | Killed a white ugly thing
  9927 | D:8      | Reached skill level 5 in Fighting
 10075 | D:8      | Reached skill level 5 in Armour
 10205 | D:8      | Got a pair of bloodstained gloves
 10216 | D:8      | Identified the +3 pair of gloves of Rat Rirr {Int+3} (You
                  | found it on level 8 of the Dungeon)
 10516 | D:9      | Reached skill level 10 in Spellcasting
 10516 | D:9      | Reached XP level 12. HP: 68/68 MP: 21/26
 10951 | D:9      | Offered knowledge of Airstrike by Vehumet.
 11040 | D:9      | Noticed Gastronok
 11054 | D:9      | Killed Gastronok
 11111 | D:9      | Found an ornate altar of the Wu Jian Council.
 11203 | D:9      | Noticed Pikel
 11218 | D:9      | Killed Pikel
 11534 | D:9      | Found a bloodstained altar of Trog.
 11536 | D:9      | Reached skill level 5 in Maces & Flails
 11621 | D:10     | Entered Level 10 of the Dungeon
 11621 | D:10     | Found a hide-covered altar of Uskayaw.
 12052 | D:10     | Found Vyiwamume's Antique Armour Shop.
 12075 | D:10     | Reached **** piety under Vehumet
 12094 | D:10     | Offered knowledge of Venom Bolt by Vehumet.
 12423 | D:10     | Found Jusea's Armour Shop.
 12615 | D:10     | Found Buesk's Gadget Shoppe.
 12846 | D:10     | Found a staircase to the Orcish Mines.
 12933 | D:11     | Found a transporter.
 12935 | D:11     | Found a transporter.
 12935 | D:11     | Noticed a two-headed ogre
 12935 | D:11     | Noticed D1HalberdGnoll's ghost (journeyman GnAs)
 12935 | D:11     | Identified the +8 dire flail "Jymohut" {pain, rN++ Int+6
                  | Stlth-}
 12935 | D:11     | Identified the +6 great mace "Favaom" {venom, *Noise Int+5
                  | SInv}
 12935 | D:11     | Noticed a two-headed ogre
 12937 | D:11     | Noticed a two-headed ogre
 12941 | D:11     | Killed a two-headed ogre
 12941 | D:11     | Reached XP level 13. HP: 74/74 MP: 14/27
 13115 | D:11     | Reached ***** piety under Vehumet
 13180 | D:11     | Offered knowledge of Force Lance by Vehumet.
 13505 | D:11     | Reached skill level 5 in Evocations
 13909 | D:10     | Bought the +2 robe of Beyond {Int+8} for 483 gold pieces
 14376 | D:12     | Reached skill level 5 in Dodging
 15044 | D:12     | Reached skill level 10 in Earth Magic
 15055 | D:12     | Found a roughly hewn altar of Beogh.
 16113 | D:13     | Found a gate to the Vaults.
 16113 | D:13     | Noticed a vault guard
 16113 | D:13     | Noticed a vault guard
 16113 | D:13     | Noticed a vault guard
 16114 | D:13     | Noticed a vault guard
 16116 | D:13     | Killed a vault guard
 16116 | D:13     | Reached skill level 5 in Fire Magic
 16116 | D:13     | Offered knowledge of Yara's Violent Unravelling by Vehumet.
 16116 | D:13     | Killed a vault guard
 16116 | D:13     | Killed a vault guard
 16116 | D:13     | Killed a vault guard
 16646 | D:13     | Paralysed by an orc wizard for 4 turns
 16866 | D:14     | Noticed Roxanne
 16872 | D:14     | Killed Roxanne
 17422 | D:14     | Gained mutation: Your large and strong wings let you fly
                  | indefinitely. [Gargoyle growth]
 17422 | D:14     | Reached XP level 14. HP: 80/82 MP: 26/29
 17431 | D:14     | Learned a level 5 spell: Bolt of Magma
 17438 | D:14     | Learned a level 6 spell: Iron Shot
 17553 | D:14     | Noticed Louise
 17855 | D:14     | Noticed Nessos
 17889 | D:14     | Killed Nessos
 18624 | Lair:1   | Entered Level 1 of the Lair of Beasts
 19033 | Lair:1   | Offered knowledge of Orb of Destruction by Vehumet.
 19641 | Lair:1   | Learned a level 5 spell: Irradiate
 20260 | Lair:2   | Found a staircase to the Swamp.
 20425 | Lair:2   | Noticed Harold
 20478 | Lair:2   | Found a dark tunnel.
 20487 | Volcano  | Entered a volcano
 20932 | Volcano  | Got a fine rapier
 21021 | Volcano  | Reached skill level 10 in Fighting
 21021 | Volcano  | Reached XP level 15. HP: 92/92 MP: 30/30
 21143 | Lair:2   | Identified the +6 rapier of Integrity {antimagic, rF+ rC+}
                  | (You found it in a volcano)
 21365 | Lair:2   | Killed Harold
 22474 | Lair:3   | Found a hole to the Spider Nest.
 22982 | Lair:4   | Noticed Josephine
 22984 | Lair:4   | Killed Josephine
 22984 | Lair:4   | Offered knowledge of Iskenderun's Battlesphere by Vehumet.
 24269 | Lair:4   | Reached XP level 16. HP: 99/99 MP: 16/31
 24832 | Lair:5   | Noticed Urug
 24837 | Lair:5   | Killed Urug
 24968 | Lair:5   | Identified a scroll of acquirement
 24971 | Lair:5   | Got a pitted dire flail
 24972 | Lair:5   | Identified the +8 dire flail "Eviscerator" {crush, rF+
                  | MP+9} (You acquired it on level 5 of the Lair of Beasts)
 26020 | Lair:6   | Entered Level 6 of the Lair of Beasts
 27129 | Lair:6   | Found a runed door.
 27130 | Lair:6   | Found a shimmering altar of Xom.
 27131 | Lair:6   | Noticed SpeedVeins's ghost (journeyman DDFi)
 27404 | Lair:6   | Reached skill level 10 in Conjurations
 28090 | Lair:6   | Offered knowledge of Freezing Cloud by Vehumet.
 28207 | Lair:6   | Found a staircase to the Slime Pits.
 29196 | Lair:6   | Learned a level 6 spell: Bolt of Fire
 29425 | Orc:1    | Entered Level 1 of the Orcish Mines
 29425 | Orc:1    | Found a roughly hewn altar of Beogh.
 29444 | D:10     | HP: 5/100 [orc knight/+0 great mace (5)]
 30205 | Orc:2    | Entered Level 2 of the Orcish Mines
 30205 | Orc:2    | Found a frozen archway.
 30218 | IceCv    | Entered an ice cave
 30320 | IceCv    | Offered knowledge of Poison Arrow by Vehumet.
 30425 | IceCv    | Got a pair of twisted boots
 30439 | IceCv    | Identified the cursed -4 pair of boots "Daschapon" {rElec
                  | MP+9} (You found it in an ice cave)
 31410 | Orc:2    | Reached skill level 10 in Armour
 31410 | Orc:2    | Reached XP level 17. HP: 78/104 MP: 7/33
 31906 | Orc:2    | Found Ucwol's Book Shoppe.
 31907 | Orc:2    | Found Hovvusch's Book Shop.
 31910 | Orc:2    | Found Cugy's Gadget Shoppe.
 31910 | Orc:2    | Found Rachiac's General Store.
 31927 | Orc:2    | Found Bebbaetz's Armour Boutique.
 31929 | Orc:2    | Bought a potion of heal wounds for 85 gold pieces
 32073 | Orc:2    | Found a staircase to the Elven Halls.
 32118 | Elf:1    | Entered Level 1 of the Elven Halls
 32553 | D:15     | Entered Level 15 of the Dungeon
 32980 | D:15     | Noticed Kirke
 32984 | D:15     | Killed Kirke
 33304 | D:15     | Found a staircase to the Depths.
 33450 | D:15     | Found a glowing golden altar of the Shining One.
 33556 | D:15     | Found a portal to a secret trove of treasure.
 33597 | D:15     | Found Caatygi's Antique Weapon Shop.
 33765 | D:15     | Reached skill level 10 in Shields
 34167 | Depths:1 | Entered Level 1 of the Depths
 34243 | Depths:1 | Noticed a lich
 34247 | Depths:1 | Found the +8 demon blade "Bloodbane" {slice, *Rage +Rage
                  | Stlth-}
 34248 | Depths:1 | Reached ****** piety under Vehumet
 34249 | Depths:1 | Killed a lich
 34347 | Depths:1 | Offered knowledge of Bolt of Cold by Vehumet.
 34523 | Depths:1 | Got an ancient mace
 34531 | Depths:1 | Identified the cursed +3 mace of Upheaval {crush, Int-5
                  | Dex+7} (You found it on level 1 of the Depths)
 34625 | Depths:1 | Found a gateway to Hell.
 35362 | Depths:1 | Demolished by an enormous slime creature

Vault maps used:
D:1:      ncdulo_smallfort, minmay_pentomino_o2
D:2:      lemuel_crystal_altar, nicolae_overflow_crystal_walls, uniq_natasha
D:3:      overflow_temple_1_default, uniq_ijyb
D:4:      nemelex_xobeh_ov_fountains_minmay, chequers_mini_garden,
          kennysheep_minor_cross, minmay_close_crescents
D:5:      nicolae_gozag_seed_capital, nicolae_ru_sacrificial_ziggurat,
          minmay_temple_entry_crystal_x, first_ration, minmay_strange_pillars,
          uniq_duvessa
D:7:      the_bakery
D:8:      okawaru_humans, overflow_temple_1_default, slow_altar_1,
          grunt_lair_entry_orc_guard_hut, serial_shops,
          nicolae_shop_temple_entry_statues_fountains, minmay_evil_grid
D:9:      kennysheep_mini_moat, trog_wizard, uniq_gastronok, uniq_pikel
D:10:     david_orc_4, serial_shops, kennysheep_mini, shop, shop, basic_altar
D:11:     gammafunk_ghost_smash, grunt_ministairs_1
D:12:     special_room, mrwooster_statue_mirror
D:13:     lightli_vaults_fourway_checkpoint
D:14:     kennysheep_boxes, nrook_campfire, uniq_roxanne, uniq_louise,
          uniq_nessos
D:15:     grunt_enter_depths_magical_seal, nicolae_tso_swordbearing_angel,
          serial_shops, shop, enter_trove_3, uniq_kirke
Temple:   hc_temple_tempest_star
Lair:1:   minmay_lair_oklob_chamber
Lair:2:   skrybe_swamp_entry_bodies, nicolae_volcano_entry_hallway,
          columned_hall_lemuel, lemuel_fruit_tree, uniq_harold
Lair:3:   dummy_spider_entry
Lair:4:   statuecave_lemuel, st_stairs_11, beast_lair_carwin_4,
          lemuel_fruit_fields, uniq_josephine
Lair:5:   uniq_urug
Lair:6:   grunt_lair_end_beastmaster, minmay_slime_entry_jelly_boxes,
          ebering_ghost_xom
Orc:1:    basic_altar
Orc:2:    st_orc_open, serial_shops, shop, portal_ice_cave_entry_pillars_1
Elf:1:    elf_arrival_001, minivault_28, st_stairs_14, lemuel_flame_loot_1
Depths:1: chequers_serial_rivers_micro_d, pf_hell_entry_tar_river,
          nrook_mini_backslash, due_unseen_surprise, grunt_megastairs_3
IceCv:    ice_cave_small_demon
Volcano:  volcano_tomb

Skill      XL: |  1  2  3  4  5  6  7  8  9 10 11 12 13 14 15 16 17 |
---------------+----------------------------------------------------+-----
Earth Magic    | 4 5 6 7 8 9 10 11 12 | 12.9
Spellcasting   | 3 4 5 6 10 11 12 | 12.7
Conjurations   | 1 2 3 4 5 6 7 8 9 10 11 | 11.3
Shields        | 2 3 4 5 7 8 9 10 | 10.3
Maces & Flails | 2 3 4 5 6 7 8 9 |  9.4
Fighting       | 2 3 4 5 7 10 11 12 | 12.0
Armour         | 2 3 4 5 7 8 10 11 | 11.6
Dodging        | 2 3 4 5 6 7 8 |  8.0
Evocations     | 1 2 3 4 5 6 |  6.0
Fire Magic     | 1 3 4 5 6 8 |  8.9
Stealth        | |  2.1
Transmutations | |  0.7

Action                   |  1- 3 |  4- 6 |  7- 9 | 10-12 | 13-15 | 16-18 || total
-------------------------+-------+-------+-------+-------+-------+-------++-------
Melee: Club              |   110 |   167 |    55 |       |       |       ||   332
       Mace              |       |       |    79 |   210 |   114 |       ||   403
       Great mace        |       |       |    25 |       |    19 |    17 ||    61
       Dire flail        |       |       |       |       |   260 |   379 ||   639
 Cast: Sandblast         |    17 |    56 |   105 |   143 |   211 |   123 ||   655
       Stone Arrow       |       |       |     8 |    40 |    60 |    19 ||   127
       Lee's Rapid Decon |       |       |    13 |    19 |    61 |    41 ||   134
       Fireball          |       |       |       |     6 |    17 |    30 ||    53
       Iron Shot         |       |       |       |       |    13 |    92 ||   105
       Bolt of Magma     |       |       |       |       |     4 |     1 ||     5
       Irradiate         |       |       |       |       |       |    26 ||    26
       Bolt of Fire      |       |       |       |       |       |    15 ||    15
 Abil: Fly               |       |       |       |       |     1 |       ||     1
Evoke: Wand              |       |       |       |       |     1 |     1 ||     2
  Use: Scroll            |       |       |    19 |     5 |    14 |    10 ||    48
       Potion            |       |       |       |     4 |     4 |     7 ||    15
 Stab: Sleeping          |     3 |     4 |     3 |     3 |     7 |     2 ||    22
  Eat: Chunk             |     2 |     6 |    15 |    13 |    38 |    35 ||   109
       Ration            |       |       |     1 |     1 |     4 |       ||     6
Armor: Robe              |    52 |    90 |   115 |   201 |   370 |   381 ||  1209
Dodge: Dodged            |   109 |   153 |   197 |   300 |   478 |   536 ||  1773

Table legend:
 A = Non-vault XP
 B = Vault XP
 C = Vault XP percentage of total XP
 D = Non-vault monster count
 E = Vault monster count
 F = Vault count percentage of total count
                 A         B        C        D         E       F
            +---------+---------+-------+---------+---------+-------
      Total |  107019 |   84325 |  44.1 |     630 |     259 |  29.1
            +---------+---------+-------+---------+---------+-------
        D:1 |      47 |       4 |   7.8 |      20 |       2 |   9.1
        D:2 |      96 |      33 |  25.6 |      18 |       1 |   5.3
        D:3 |     128 |      36 |  22.0 |      28 |       1 |   3.4
        D:4 |     377 |      68 |  15.3 |      15 |       5 |  25.0
        D:5 |     391 |     205 |  34.4 |      13 |       2 |  13.3
        D:6 |     799 |       0 |   0.0 |      25 |       0 |   0.0
        D:7 |    1337 |     220 |  14.1 |      37 |       1 |   2.6
        D:8 |    2967 |    4567 |  60.6 |      37 |      17 |  31.5
        D:9 |    2715 |    3538 |  56.6 |      30 |       3 |   9.1
       D:10 |    3010 |     667 |  18.1 |      40 |      13 |  24.5
       D:11 |    3683 |      97 |   2.6 |      32 |       4 |  11.1
       D:12 |    4544 |    1086 |  19.3 |      22 |      24 |  52.2
       D:13 |    2956 |    6526 |  68.8 |      24 |      13 |  35.1
       D:14 |    7871 |    3382 |  30.1 |      24 |       2 |   7.7
       D:15 |   10949 |    7664 |  41.2 |      42 |      16 |  27.6
     Lair:1 |    3519 |     527 |  13.0 |      21 |       1 |   4.5
     Lair:2 |    3498 |    1510 |  30.2 |      14 |       3 |  17.6
     Lair:3 |    5721 |       0 |   0.0 |      15 |       0 |   0.0
     Lair:4 |    3899 |    4111 |  51.3 |      20 |      13 |  39.4
     Lair:5 |    5213 |     859 |  14.1 |      18 |       1 |   5.3
     Lair:6 |   15966 |   10423 |  39.5 |      57 |      33 |  36.7
      Orc:1 |    1988 |     657 |  24.8 |      32 |       4 |  11.1
      Orc:2 |    2901 |   14661 |  83.5 |      21 |      33 |  61.1
      Elf:1 |     954 |    5661 |  85.6 |       2 |       9 |  81.8
   Depths:1 |   21490 |    7072 |  24.8 |      23 |      12 |  34.3
      IceCv |       0 |    4016 | 100.0 |       0 |      25 | 100.0
    Volcano |       0 |    6735 | 100.0 |       0 |      21 | 100.0
            +---------+---------+-------+---------+---------+-------
